 Dungeon Crawl Stone Soup version 0.21.1-1-g345015f (webtiles) character file.

85 inc the Conjurer (level 4, 0/27 HPs)
             Began as an Octopode Wizard on Apr 27, 2018.
             Slain by Grinder (7 damage)
             ... while paralysed by Grinder
             ... on level 3 of the Dungeon.
             The game lasted 00:04:13 (2136 turns).

inc the Conjurer (Octopode Wizard)                  Turns: 2136, Time: 00:04:14

Health: 0/27       AC:  1    Str:  6    XL:     4   Next: 48%
Magic:  7/8        EV:  2    Int: 21    God:
Gold:   108        SH:  0    Dex: 10    Spells: 8/9 levels left

rFire    . . .     SeeInvis .   i - +2 dagger (venom)
rCold    . . .     Gourm    +   (no shield)
rNeg     . . .     Faith    .   a - +0 hat
rPois    .         Spirit   .   d - amulet of the gourmand
rElec    .         Reflect  .   (no ring)
rCorr    .         Harm     .   (no ring)
MR       .....                  (no ring)
Stlth    +++.......             (no ring)
HPRegen  0.09/turn              (no ring)
MPRegen  0.11/turn              (no ring)
                                (no ring)
                                (no ring)

@: paralysed
A: almost no armour, stealthy swim, amphibious, 8 rings, constrict 8, camouflage
1, gelatinous body 1
a: no special abilities


You were on level 3 of the Dungeon.
You were not hungry.

You visited 1 branch of the dungeon, and saw 3 of its levels.

You collected 108 gold pieces.

Inventory:

Hand Weapons
 e - a +0 whip
 i - a +2 dagger of venom (weapon)
Armour
 a - a +0 hat (worn)
Jewellery
 d - an amulet of the gourmand (around mantle)
Scrolls
 f - a scroll of enchant armour {unknown}
 g - a scroll of fog {unknown}
 h - 3 scrolls of identify {unknown}
 k - a scroll of blinking {unknown}
 l - a scroll of remove curse {unknown}
Potions
 j - 2 potions of might {unknown}
 m - a potion of heal wounds {unknown}
 n - a potion of brilliance {unknown}
Books
 b - a book of Minor Magic

   Spells                             Type                      Level
   a - Magic Dart                     Conjuration                  1
   b - Blink                          Translocation                2
   c - Call Imp                       Summoning                    2
   d - Slow                           Hexes                        2
   e - Conjure Flame                  Conjuration/Fire             3
   f - Mephitic Cloud                 Conjuration/Poison/Air       3
Comestibles
 c - 3 rations


   Skills:
 - Level 2.0 Dodging
 - Level 2.6 Stealth
 - Level 3.0 Spellcasting
 + Level 4.2 Conjurations
   Level 1.0 Summonings
   Level 1.0 Translocations


You had 8 spell levels left.
You knew the following spells:

 Your Spells              Type           Power        Failure   Level  Hunger
a - Magic Dart            Conj           ###.         2%          1    None


Dungeon Overview and Level Annotations

Branches:
Dungeon (3/15)

Altars:
Trog
Uskayaw
Wu Jian

Annotations:
D:3 Grinder


Innate Abilities, Weirdness & Mutations

You cannot wear most types of armour.
You are very stealthy in the water. (Stealth+)
You are amphibious.
You can wear up to eight rings at the same time.
You can use your tentacles to constrict eight enemies at once.
Your skin changes colour to match your surroundings (Stealth+).
Your rubbery body absorbs attacks. (AC +1, EV +1)


Message History

You kill the rat!
Grinder completely misses you.
Casting: Magic Dart
Confirm with . or Enter, or press ? or * to list all spells.
Aiming: Magic Dart
Press: ? - help, Shift-Dir - straight line, f - Grinder
Aim: Grinder (moderately wounded, poisoned)
Okay, then.
You hit Grinder but do no damage.
Grinder looks as sick as possible!
Your grab misses Grinder.
Grinder is moderately wounded.
Grinder hits you.
You writhe in agony.
* * * LOW HITPOINT WARNING * * *
Unknown command.
You closely miss Grinder. Your grab misses Grinder. You squeeze Grinder.
Grinder is heavily wounded.
Grinder gestures at you.
You suddenly lose the ability to move!
Grinder hits you!
You die...

# . ##. ..
########.###
...........
##.....†.####.#
.......@5......
####..#.......#.#
#..<..#######.#
#.......# #
#......#.#
####.#..g..
....#.# #
........ #..
#.#.#


You could see Grinder.

Vanquished Creatures
  2 adders (D:2)
  3 dart slugs
  3 giant cockroaches (D:2)
  11 goblins
  8 hobgoblins
  7 kobolds
  A quokka (D:2)
  2 bats (D:2)
  5 frilled lizards
  22 rats
64 creatures vanquished.

Notes
Turn   | Place    | Note
-------+----------+-------------------------------------------
     0 | D:1      | inc the Octopode Wizard began the quest for the Orb.
     0 | D:1      | Reached XP level 1. HP: 11/11 MP: 4/4
   288 | D:1      | Reached skill level 2 in Conjurations
   288 | D:1      | Reached XP level 2. HP: 8/17 MP: 6/6
   833 | D:1      | Reached XP level 3. HP: 21/21 MP: 0/7
   941 | D:1      | Reached skill level 3 in Conjurations
  1419 | D:2      | Reached XP level 4. HP: 11/27 MP: 0/8
  1772 | D:2      | Reached skill level 4 in Conjurations
  1799 | D:2      | Found an ornate altar of the Wu Jian Council.
  1799 | D:2      | Found a hide-covered altar of Uskayaw.
  1876 | D:2      | Found a bloodstained altar of Trog.
  2102 | D:3      | Noticed Grinder
  2126 | D:3      | Paralysed by Grinder for 6 turns
  2135 | D:3      | Paralysed by Grinder for 3 turns
  2136 | D:3      | Slain by Grinder

Skill      XL: |  1  2  3  4 |
---------------+-------------+-----
Conjurations   | 2 3 4 |  4.2
Dodging        | |  2.0
Stealth        | |  2.6
Spellcasting   | |  3.0
Summonings     | |  1.0
Translocations | |  1.0

Action                   |  1- 3 |  4- 6 || total
-------------------------+-------+-------++-------
Melee: Unarmed           |    11 |       ||    11
       Whip              |    27 |       ||    27
       Constrict         |    11 |     5 ||    16
       Tentacles         |     5 |     2 ||     7
       Dagger            |       |    19 ||    19
 Cast: Magic Dart        |    71 |    20 ||    91
 Stab: Sleeping          |     1 |     2 ||     3
  Eat: Chunk             |     9 |     1 ||    10
Armor: Skin              |     1 |     1 ||     2
Dodge: Dodged            |    40 |    13 ||    53
